 Dungeon Crawl Stone Soup version 0.31-a0-145-g046c7d2549 (webtiles) character file.

Game seed: 9030233477970836762

146357 Pooter the Severer (level 16, -1/151 HPs)
             Began as a Minotaur Berserker on June 3, 2023.
             Was an Elder of Trog.
             Incinerated by a smoke demon (4 damage)
             ... with a sticky flame
             ... on level 1 of the Elven Halls on June 4, 2023.
             The game lasted 02:15:57 (34336 turns).

Pooter the Severer (Minotaur Berserker)            Turns: 34336, Time: 02:15:58

Health: -1/151     AC: 28    Str: 33    XL:     16   Next: 89%
Magic:  15/15      EV: 12    Int: 10    God:    Trog [****..]
Gold:   461        SH:  5    Dex: 14    Spells: 15/15 levels left

rFire   . . .        a - +3 battleaxe (flame)
rCold   . . .        (shield currently unavailable)
rNeg    . . .        E - +9 plate armour
rPois   +            (helmet restricted)
rElec   .            W - +4 cloak of Puepte Ute {Regen+}
rCorr   +            U - +2 pair of gloves {Dex+3}
SInv    .            e - +0 pair of boots
Will    ++++.        H - amulet of reflection Stlth
                     J - +6 ring of strength
HPRegen 2.25/turn    S - ring of Luilias {Wiz rPois rCorr Int+4 Slay+2}
MPRegen 0.14/turn

%: reflection, wizardry (x1)
@: mighty, on fire, strong-willed (expiring), on berserk cooldown, regenerating
(expiring), glowing, studying Fighting
A: horns 2, retaliatory headbutt, talons 1, deformed body, strong-willed 1
a: Renounce Religion, Berserk, Trog's Hand, Brothers in Arms


You were on level 1 of the Elven Halls.
You worshipped Trog.
Trog was greatly pleased with you.
You visited 4 branches of the dungeon, and saw 23 of its levels.
You also visited: Bailey and Gauntlet.

You collected 2582 gold pieces.
You spent 2121 gold pieces at shops.

Inventory:

Hand Weapons
 a - a +3 battleaxe of flaming (weapon)
   (Trog gifted it to you on level 11 of the Dungeon)
 b - a +4 heavy arbalest
   (You found it on level 8 of the Dungeon)
 y - a +4 halberd
   (You took it off a wight on level 9 of the Dungeon)
 K - a +4 morningstar of freezing
   (You took it off a wight on level 9 of the Dungeon)
 Y - the +6 morningstar of Infinity {speed, Contam Dex+6}
   (You took it off a minotaur in a Gauntlet)

   Dex:       It affects your dexterity (+6).
   Contam:    It causes magical contamination when unequipped.
Missiles
 i - 5 silver boomerangs
 j - 38 poisoned darts (quivered)
 k - 8 silver javelins
 w - 2 atropa-tipped darts
 O - 8 boomerangs
 X - 2 throwing nets {!f}
Armour
 e - a +0 pair of boots (worn)
   (You found it on level 12 of the Dungeon)
 p - the +8 ring mail of the Hall of Blades {Rampage rPois Dex+4}
   (You found it on level 3 of the Dungeon)

   Dex:       It affects your dexterity (+4).
   rPois:     It protects you from poison.
   Rampage:   It bestows one free step when moving towards enemies.
 E - a +9 plate armour (worn)
   (You took it off an orc warrior on level 2 of the Orcish Mines)
 N - a +2 cloak of willpower
   (You found it in a Gauntlet)
 U - a +2 pair of gloves of dexterity (worn)
   (You found it in a Gauntlet)
 W - the +4 cloak of Puepte Ute (worn) {Regen+}
   (You found it on level 14 of the Dungeon)

   Regen:     It increases your rate of health regeneration.
Jewellery
 G - an amulet of guardian spirit
   (You took it off a spriggan on level 5 of the Lair of Beasts)
 H - an amulet of reflection (around neck)
   (You found it on level 5 of the Dungeon)
 J - a +6 ring of strength (left hand)
   (You found it on level 1 of the Dungeon)
 R - a +6 ring of dexterity
   (You found it on level 4 of the Lair of Beasts)
 S - the ring of Luilias (right hand) {Wiz rPois rCorr Int+4 Slay+2}
   (You found it on level 14 of the Dungeon)

   [ring of wizardry]

   It improves your spell success rate.
   Int:       It affects your intelligence (+4).
   Slay:      It affects your accuracy & damage with ranged weapons and melee
   (+2).
   rPois:     It protects you from poison.
   rCorr:     It protects you from acid and corrosion.
 T - the ring of the Tortoise {AC+8}
   (You found it in a Gauntlet)

   [ring of protection]

   AC:        It affects your AC (+8).
Wands
 d - a wand of iceblast (33)
   (You took it off Ijyb on level 4 of the Dungeon)
 f - a wand of flame (50)
   (You found it on level 7 of the Dungeon)
 o - a wand of polymorph (4)
   (You took it off a centaur on level 8 of the Dungeon)
 r - a wand of mindburst (17)
   (You found it on level 3 of the Dungeon)
 u - a wand of paralysis (13)
   (You found it on level 11 of the Dungeon)
 D - a wand of digging (1)
   (You took it off a wight on level 9 of the Dungeon)
 P - a wand of light (20)
   (You found it on level 4 of the Lair of Beasts)
Scrolls
 n - 4 scrolls of fear
 t - 8 scrolls of teleportation {@r4}
 A - 3 scrolls of poison
 F - 2 scrolls of immolation {!r}
 M - a scroll of brand weapon
 Z - a scroll of butterflies
Potions
 c - 12 potions of curing {@q1}
 g - a potion of invisibility
 h - 2 potions of attraction {!q}
 l - 4 potions of enlightenment
 m - 4 potions of lignification {!q}
 q - 8 potions of haste {@q3}
 v - 2 potions of cancellation
 x - 10 potions of heal wounds {@q2}
 z - 6 potions of resistance
 B - 3 potions of might
 L - 18 potions of ambrosia
Miscellaneous
 s - a tin of tremorstones (2/2)
   (You found it on level 9 of the Dungeon)
 Q - a phantom mirror (inert)
   (You found it on level 14 of the Dungeon)


   Skills:
 + Level 15.8 Fighting
 * Level 18.4 Axes
 - Level 18.0 Ranged Weapons
 + Level 9.2 Armour
 + Level 8.3 Dodging
 + Level 6.6 Stealth
 + Level 8.9 Evocations


You had 15 spell levels left.
You didn't know any spells.
Your spell library was empty.

Dungeon Overview and Level Annotations

Branches:
Dungeon (15/15)            Temple (0/1) D:7            Lair (5/5) D:9
 Shoals (0/4) Lair:3       Spider (0/4) Lair:3        Slime (0/5) Lair:5
    Orc (2/2) D:11            Elf (1/3) Orc:2        Vaults (0/5) D:14
 Depths (0/4) D:15         Bailey (visited)         Gauntlet (visited)

Altars:
Elyvilon
Kikubaaqudgha
Nemelex Xobeh
Ru
Sif Muna
Uskayaw
Xom
Yredelemnul
Zin
The Shining One
Lugonu

Shops:
D:4 !   D:9 !?   Orc:1 !   Orc:2 =:**

Portals:
Abyss: Orc:2 Lair:5
Trove: D:10 (give horn of Geryon)

Annotations:
Lair:3 2 transporters, Pugak's ghost, journeyman DECj
Elf:1 Frances


Innate Abilities, Weirdness & Mutations

You have a pair of horns on your head.
You reflexively headbutt those who attack you in melee.
You have sharp toenails.
Armour fits poorly on your strangely shaped body.
You are strong-willed. (Will+)


Message History

Frances mutters in a terrible tongue.
The shard of ice misses you.
The shard of ice hits the smoke demon!!
Frances hits you with a +0 glaive!
* * * LOW HITPOINT WARNING * * *
You shoot a bolt. The bolt hits Frances.
The soul eater disappears in a puff of smoke!
Frances closely misses you. You furiously retaliate!
You headbutt Frances. Frances hits you with a +0 glaive.
* * * LOW HITPOINT WARNING * * *
You block the soul eater's attack. You block the smoke demon's attack.
The smoke demon hits you but does no damage.
The smoke demon barely misses you. You block Frances's attack.
You shoot a bolt. The bolt barely misses Frances.
The bolt completely misses the hellwing.
Frances hits you with a +0 glaive!
* * * LOW HITPOINT WARNING * * *
The smoke demon gestures at you. Something smites you!
* * * LOW HITPOINT WARNING * * *
The soul eater misses you. Frances hits you with a +0 glaive!
* * * LOW HITPOINT WARNING * * *
The soul eater hits you but does no damage.
The smoke demon gestures at you. The sticky flame misses you.
The sticky flame hits Frances.
Frances is covered in liquid flames!
Unknown command.
Your +3 battleaxe of flaming bursts into flame!
a - a +3 battleaxe of flaming (weapon)
You block Frances's attack. The smoke demon gestures at you.
The sticky flame hits you.
You are covered in liquid flames!
* * * LOW HITPOINT WARNING * * *
The soul eater hits you.
* * * LOW HITPOINT WARNING * * *
You slice Frances!! You burn Frances! You slash the smoke demon!
You kill the smoke demon!
The smoke demon disappears in a puff of smoke!
You hit the soul eater but do no damage.
You are covered in liquid flames!
* * * LOW HITPOINT WARNING * * *
You feel the effects of Trog's Hand fading.
Frances burns!
Frances mutters in a terrible tongue.
The entropic shot misses you.
Unknown command.
You completely miss Frances. You headbutt Frances!! You slash the soul eater!
You burn the soul eater!
You are covered in liquid flames!
You die...

###.......## ######.........
..'........####....+.......e
###........'....####.).....
###.......#####.# .....
..#......## #..# ..e
........## #..# #)#
...#......####..# #)#
...........+...3#######.#
...........###.ยง@@4...).#
........... #.########)#
..#........ #+# ###
.##........ ..#.......(
........... .>.........
........... ...........


You could see Frances (fast, burning), a soul eater (summoned) and a hellwing
(summoned).

Vanquished Creatures
  Nikola (Elf:1)
  Jorgrun (Orc:2)
  A deep elf elementalist (Elf:1)
  A very ugly thing (D:14)
  A stone giant (Orc:2)
  A minotaur (Gauntlet)
  An ettin (Orc:1)
  A fire dragon (D:14)
  4 hydras
  3 ogre magi
  2 rakshasas (D:15)
  A centaur warrior (D:14)
  A catoblepas (Lair:3)
  2 tengu warriors (D:14)
  10 two-headed ogres
  A dancing weapon (Elf:1)
  6 death yaks (Lair:5)
  7 boulder beetles
  An orc high priest (Orc:1)
  2 deep elf knights
  4 thrashing horrors (Lair:5)
  6 skeletal warriors
  Lodul (D:13)
  A fire crab (Lair:4)
  2 deep trolls (Orc:2)
  A glowing orange brain (D:15)
  2 swamp dragons (shapeshifter) (D:15)
  2 deep elf archers (Elf:1)
  2 wizards
  An orange crystal statue (Lair:5)
  3 orc knights
  4 deep elf pyromancers
  10 ugly things
  7 deep elf zephyrmancers
  A harpy (shapeshifter) (Lair:5)
  3 wolf spiders
  5 cyclopes
  A manticore (D:14)
  8 elephants (Lair:4)
  A merfolk siren (Lair:3)
  2 smoke demons (Lair:5)
  3 black mambas
  A gargoyle (D:13)
  9 cane toads
  3 rime drakes
  An unseen horror (D:12)
  A large abomination (Lair:5)
  4 efreet
  A kobold demonologist (D:11)
  2 tengu conjurers (D:14)
  3 ancient zymes (Lair:5)
  7 komodo dragons
  A queen bee (D:13)
  12 trolls
  3 meliai (D:13)
  A polar bear (shapeshifter) (D:13)
  Prince Ribbit (D:6)
  2 polar bears
  2 hornets
  31 blink frogs
  11 slime creatures
  A jumping spider (shapeshifter) (D:13)
  2 culicivoras (Lair:3)
  4 flying skulls (Gauntlet)
  A vampire (D:6)
  A water elemental (D:11)
  A jumping spider (Lair:3)
  3 shadows
  3 ynoxinuls (Lair:5)
  5 wyverns
  6 wraiths
  57 yaks
  A spriggan (Lair:5)
  9 basilisks
  2 fire elementals (Gauntlet)
  2 chaos spawn (Lair:5)
  3 vampire mosquitoes (D:13)
  3 steam dragons
  2 wargs
  Menkaure (D:7)
  26 water moccasins
  2 acid dragons
  3 hell hounds (Gauntlet)
  15 orc warriors
  2 sky beasts
  3 black bears
  An ice beast (D:7)
  8 centaurs
  32 ogres
  9 wolves
  A phantom (D:6)
  11 bullfrogs
  2 kobold brigands
  2 scorpions
  11 small abominations (Lair:5)
  A gnoll sergeant (D:12)
  14 wights
  25 killer bees
  10 howler monkeys
  8 electric eels
  3 lava snakes (Lair:5)
  4 jellies
  3 hounds
  4 orc priests
  4 sleepcaps
  3 iguanas
  Ijyb (D:4)
  Natasha (thrice) (D:2)
  13 orc wizards
  19 gnolls
  7 adders
  A shadow imp (D:8)
  2 white imps
  2 ufetubi
  A worm (D:2)
  4 dart slugs
  61 orcs
  14 bats
  2 endoplasms
  5 giant cockroaches
  5 goblins
  2 hobgoblins
  2 jackals (D:2)
  5 quokkas
  6 ball pythons
  3 frilled lizards
  11 kobolds
  5 rats
  2 lurking horrors (Orc:2)
704 creatures vanquished.

Vanquished Creatures (collateral kills)
  2 ugly things (D:14)
  A wraith (D:14)
3 creatures vanquished.

Grand Total: 707 creatures vanquished

Notes
Turn   | Place    | Note
-------+----------+-------------------------------------------
     0 | D:1      | Pooter the Minotaur Berserker began the quest for the Orb.
     0 | D:1      | Reached XP level 1. HP: 19/19 MP: 0/0
   328 | D:1      | Reached skill level 1 in Ranged Weapons
   340 | D:1      | Reached XP level 2. HP: 27/27 MP: 1/1
  1151 | D:2      | Reached XP level 3. HP: 24/33 MP: 2/2
  1448 | D:2      | Noticed Natasha
  1450 | D:2      | Killed Natasha
  1451 | D:2      | Reached XP level 4. HP: 40/40 MP: 3/3
  1500 | D:2      | Reached ** piety under Trog
  1602 | D:2      | Noticed Natasha
  1607 | D:2      | Killed Natasha
  1611 | D:2      | Reached skill level 5 in Axes
  1868 | D:2      | Noticed Natasha
  1874 | D:2      | Killed Natasha
  1875 | D:2      | Reached XP level 5. HP: 47/47 MP: 4/4
  2604 | D:3      | Identified the +8 ring mail of the Hall of Blades {Rampage
                  | rPois Dex+4}
  3154 | D:4      | Found Sotekh's Distillery.
  3172 | D:4      | Bought a potion of cancellation for 88 gold pieces
  3172 | D:4      | Bought 2 potions of curing for 66 gold pieces
  3260 | D:4      | Reached XP level 6. HP: 41/55 MP: 5/5
  3407 | D:4      | Noticed Ijyb
  3410 | D:4      | Killed Ijyb
  3411 | D:4      | Reached skill level 5 in Fighting
  3432 | D:4      | Reached *** piety under Trog
  3552 | D:5      | Entered Level 5 of the Dungeon
  3927 | D:5      | Reached skill level 5 in Ranged Weapons
  3927 | D:5      | Reached XP level 7. HP: 61/61 MP: 6/6
  4172 | D:5      | Found an ancient bone altar of Kikubaaqudgha.
  4357 | D:5      | Found a shimmering blue altar of Sif Muna.
  4357 | D:5      | Found a hide-covered altar of Uskayaw.
  4546 | D:6      | Noticed Prince Ribbit
  4551 | D:6      | Killed Prince Ribbit
  4633 | D:6      | Found a white marble altar of Elyvilon.
  4785 | D:6      | Noticed a vampire
  4803 | D:6      | Killed a vampire
  4804 | D:6      | Reached XP level 8. HP: 24/71 MP: 7/7
  4899 | D:6      | Found a glowing golden altar of the Shining One.
  5244 | D:6      | Found a basalt altar of Yredelemnul.
  5252 | D:6      | Identified the +0 robe of Baminayxt {Archmagi}
  5716 | D:7      | Found a sparkling altar of Nemelex Xobeh.
  5782 | D:7      | Reached XP level 9. HP: 79/79 MP: 8/8
  5926 | D:7      | Found a staircase to the Ecumenical Temple.
  5962 | D:7      | Noticed Menkaure
  5967 | D:7      | Killed Menkaure
  6121 | D:7      | Reached skill level 10 in Axes
  7061 | D:7      | Reached XP level 10. HP: 78/90 MP: 9/9
  7110 | D:8      | Reached skill level 10 in Ranged Weapons
  7423 | D:8      | Identified the +1 robe of Tartarus {rF++}
  8119 | D:9      | Found a sacrificial altar of Ru.
  8204 | D:9      | Found a shimmering altar of Xom.
  8205 | D:9      | Found a shimmering altar of Xom.
  8205 | D:9      | Found a shimmering altar of Xom.
  8422 | D:9      | Found a shimmering altar of Xom.
  8535 | D:9      | Found a staircase to the Lair.
  8579 | D:9      | Found Loonnaha's Distillery.
  9000 | D:9      | Reached skill level 1 in Evocations
  9053 | D:9      | Reached **** piety under Trog
  9193 | D:9      | a raiju changed into a guardian serpent
  9193 | D:9      | Noticed a guardian serpent (shapeshifter)
  9194 | D:9      | a guardian serpent changed into a komodo dragon
  9263 | D:9      | Found Xaileg Harir's Magic Scroll Shop.
  9269 | D:9      | Bought a scroll of teleportation for 42 gold pieces
  9269 | D:9      | Bought a scroll of brand weapon for 133 gold pieces
  9269 | D:9      | Bought a scroll of identify for 28 gold pieces
  9269 | D:9      | Bought a scroll of identify for 28 gold pieces
  9454 | D:9      | Noticed a two-headed ogre
  9458 | D:9      | Killed a two-headed ogre
  9605 | D:10     | Entered Level 10 of the Dungeon
  9640 | D:10     | Noticed a skeletal warrior
  9647 | D:10     | Found a glowing silver altar of Zin.
  9667 | D:10     | Killed a skeletal warrior
  9773 | D:10     | Reached XP level 11. HP: 94/99 MP: 10/10
  9892 | D:10     | Found a portal to a secret trove of treasure.
  9991 | D:10     | Found a flagged portal.
 10001 | Bailey   | Entered a bailey
 10821 | D:10     | Noticed a skeletal warrior
 10822 | D:10     | Noticed a skeletal warrior
 10835 | D:10     | Killed a skeletal warrior
 10838 | D:10     | Killed a skeletal warrior
 10839 | D:10     | Reached skill level 10 in Fighting
 11078 | Lair:1   | Entered Level 1 of the Lair of Beasts
 11677 | Lair:2   | Noticed an eight-headed hydra
 11684 | Lair:2   | Killed an eight-headed hydra
 11879 | Lair:2   | Reached XP level 12. HP: 108/108 MP: 11/11
 12634 | Lair:3   | Reached skill level 15 in Axes
 12720 | Lair:3   | Found a staircase to the Shoals.
 12758 | Lair:3   | Noticed a catoblepas
 12759 | Lair:3   | Noticed Pugak's ghost (journeyman DECj)
 12773 | Lair:3   | Killed a catoblepas
 12774 | Lair:3   | Reached skill level 5 in Evocations
 12833 | Lair:3   | Found a transporter.
 12838 | Lair:3   | Found a transporter.
 13758 | Lair:3   | Found a hole to the Spider Nest.
 14950 | Lair:4   | Reached skill level 1 in Stealth
 14950 | Lair:4   | Reached XP level 13. HP: 107/117 MP: 12/12
 16215 | Lair:5   | Entered Level 5 of the Lair of Beasts
 16374 | Lair:5   | Reached skill level 15 in Ranged Weapons
 17109 | Lair:5   | Gained mutation: You have a somewhat thin skeletal
                  | structure. (Dex +2, Stealth+) [potion of mutation]
 17109 | Lair:5   | Gained mutation: You do not regenerate when monsters are
                  | visible. [potion of mutation]
 17109 | Lair:5   | Gained mutation: You occasionally lose the ability to drink
                  | potions when taking damage. [potion of mutation]
 17110 | Lair:5   | Lost mutation: You have a somewhat thin skeletal structure.
                  | (Dex +2, Stealth+) [potion of mutation]
 17110 | Lair:5   | Lost mutation: You do not regenerate when monsters are
                  | visible. [potion of mutation]
 17110 | Lair:5   | Gained mutation: You have large cloven feet. [potion of
                  | mutation]
 17110 | Lair:5   | Gained mutation: Your flesh is cold resistant. (rC+)
                  | [potion of mutation]
 17110 | Lair:5   | Gained mutation: You have very sharp teeth. [potion of
                  | mutation]
 17111 | Lair:5   | Lost mutation: You have very sharp teeth. [potion of
                  | mutation]
 17111 | Lair:5   | Lost mutation: You have large cloven feet. [potion of
                  | mutation]
 17111 | Lair:5   | Gained mutation: You have sharp toenails. [potion of
                  | mutation]
 17111 | Lair:5   | Gained mutation: You have razor-sharp toenails. [potion of
                  | mutation]
 17111 | Lair:5   | Gained mutation: You occasionally shout uncontrollably at
                  | your foes. [potion of mutation]
 17111 | Lair:5   | Gained mutation: Your muscles are strong. (Str +4, Int/Dex
                  | -1) [potion of mutation]
 17112 | Lair:5   | Lost mutation: You occasionally lose the ability to drink
                  | potions when taking damage. [potion of mutation]
 17112 | Lair:5   | Lost mutation: Your flesh is cold resistant. (rC+) [potion
                  | of mutation]
 17112 | Lair:5   | Lost mutation: You occasionally shout uncontrollably at
                  | your foes. [potion of mutation]
 17112 | Lair:5   | Gained mutation: You have a pair of large horns on your
                  | head. [potion of mutation]
 17112 | Lair:5   | Gained mutation: You have hidden genetic defects. [potion
                  | of mutation]
 17291 | Lair:5   | Reached skill level 5 in Armour
 17325 | Lair:5   | Gained mutation: You occasionally lose the ability to drink
                  | potions when taking damage. [hidden defects]
 17333 | Lair:5   | Found a staircase to the Slime Pits.
 18252 | Lair:5   | Reached skill level 5 in Dodging
 18322 | Lair:5   | Gained mutation: You occasionally shout uncontrollably at
                  | your foes. [hidden defects]
 18322 | Lair:5   | Lost mutation: You have hidden genetic defects. [hidden
                  | defects expressed]
 18482 | Lair:5   | Reached XP level 14. HP: 127/127 MP: 13/13
 19009 | Lair:5   | Found a corrupted altar of Lugonu.
 19009 | Lair:5   | Found a one-way gate to the infinite horrors of the Abyss.
 19555 | D:11     | Found a staircase to the Orcish Mines.
 19688 | D:11     | Reached ***** piety under Trog
 20310 | Orc:1    | Entered Level 1 of the Orcish Mines
 21485 | D:11     | Received a gift from Trog
 21637 | Orc:1    | Found Tuisu's Distillery.
 21642 | Orc:1    | Bought a potion of curing for 36 gold pieces
 21642 | Orc:1    | Bought a potion of heal wounds for 60 gold pieces
 21642 | Orc:1    | Bought a potion of curing for 36 gold pieces
 21642 | Orc:1    | Bought a potion of curing for 36 gold pieces
 21642 | Orc:1    | Bought a potion of curing for 36 gold pieces
 21787 | D:9      | Bought a scroll of acquirement for 728 gold pieces
 21787 | D:9      | Acquired a manual of Fighting
 21907 | Orc:2    | Entered Level 2 of the Orcish Mines
 22201 | Orc:2    | Found a gate leading to a gauntlet.
 22214 | Gauntlet | Entered a Gauntlet
 22214 | Gauntlet | Found a transporter.
 22214 | Gauntlet | Found a transporter.
 22216 | Gauntlet | Found a runed translucent door.
 22230 | Gauntlet | Found a transporter.
 22246 | Gauntlet | Found a transporter.
 22247 | Gauntlet | Found a transporter.
 22256 | Gauntlet | Found a transporter.
 22276 | Gauntlet | Found a transporter.
 22300 | Gauntlet | Found the ring of the Tortoise {AC+8}
 22302 | Gauntlet | Found a transporter.
 22413 | Gauntlet | Found a transporter.
 22429 | Gauntlet | Found a transporter.
 22441 | Gauntlet | Found a transporter.
 22452 | Gauntlet | Found a transporter.
 22472 | Gauntlet | Identified the +6 morningstar of Infinity {speed, Contam
                  | Dex+6}
 22771 | Orc:2    | Noticed a stone giant
 22999 | Orc:2    | Found a corrupted altar of Lugonu.
 23854 | Orc:2    | Killed a stone giant
 24060 | Orc:2    | Reached skill level 5 in Stealth
 28036 | Orc:2    | Found Kubitas's General Store.
 28041 | Orc:2    | Found Favin's Jewellery Boutique.
 28043 | Orc:2    | Found Rubih's Assorted Antiques.
 28044 | Orc:2    | Bought a scroll of identify for 22 gold pieces
 28052 | Orc:2    | Found Itrean's Book Shop.
 28056 | Orc:2    | Bought a scroll of identify for 54 gold pieces
 28057 | Orc:2    | Reached XP level 15. HP: 138/138 MP: 14/14
 28244 | Orc:2    | Found a staircase to the Elven Halls.
 28446 | D:12     | Lost mutation: You have a pair of large horns on your head.
                  | [potion of mutation]
 28446 | D:12     | Lost mutation: You have razor-sharp toenails. [potion of
                  | mutation]
 28446 | D:12     | Lost mutation: Your muscles are strong. (Str +4, Int/Dex
                  | -1) [potion of mutation]
 28446 | D:12     | Gained mutation: You are strong-willed. (Will+) [potion of
                  | mutation]
 28525 | D:12     | Received a gift from Trog
 28609 | D:12     | Lost mutation: You occasionally lose the ability to drink
                  | potions when taking damage. [potion of mutation]
 28609 | D:12     | Lost mutation: You occasionally shout uncontrollably at
                  | your foes. [potion of mutation]
 28609 | D:12     | Gained mutation: Armour fits poorly on your strangely
                  | shaped body. [potion of mutation]
 28964 | D:12     | Reached XP level 16. HP: 135/146 MP: 12/15
 29774 | D:13     | Noticed Lodul
 29778 | D:13     | Killed Lodul
 29858 | D:13     | Received a gift from Trog
 29978 | D:9      | Bought a scroll of acquirement for 728 gold pieces
 29978 | D:9      | Acquired a +0 heavy battleaxe
 30107 | D:13     | Identified the +1 plate armour of Existentialism {rF-
                  | Int+4}
 31411 | D:14     | Identified the +0 plate armour "Joiru" {rF+ rC+}
 31537 | D:14     | Identified the +3 flail of Faidghorph {pain, MP+9 Str+4}
 31583 | D:14     | Identified the +4 cloak of Puepte Ute {Regen+}
 31631 | D:14     | Identified the +10 short sword of Cagu {elec, rPois rCorr}
 31641 | D:14     | Identified the ring of Luilias {Wiz rPois rCorr Int+4
                  | Slay+2}
 31799 | D:14     | Reached skill level 15 in Fighting
 32204 | D:14     | Found a gate to the Vaults.
 32446 | D:15     | Entered Level 15 of the Dungeon
 33089 | D:15     | Found a staircase to the Depths.
 33260 | D:15     | Upgraded the game from 0.31-a0-142-g31f6795574 to
                  | 0.31-a0-145-g046c7d2549
 33407 | Elf:1    | Entered Level 1 of the Elven Halls
 33422 | Elf:1    | Noticed Jorgrun
 33514 | Orc:2    | Killed Jorgrun
 33584 | Elf:1    | HP: 5/149 [deep elf archer/arrow (17)]
 33584 | Elf:1    | HP: 1/149 [deep elf archer/arrow (4)]
 34295 | Elf:1    | Noticed Nikola
 34307 | Elf:1    | Killed Nikola
 34321 | Elf:1    | Noticed Frances
 34334 | Elf:1    | HP: 3/151 [soul eater[Frances] (6)]
 34335 | Elf:1    | HP: 1/151 [burnt (2)]
 34336 | Elf:1    | Incinerated by a smoke demon

Illustrated notes

Levels and vault maps discovered:
D:1:      shiori_shiawase, layout_basic, st_stairs_8
D:2:      layout_rooms, serial_forest, infiniplex_forest_lined_corner,
          infiniplex_forest_straight_1, infiniplex_forest_lined_room_3,
          infiniplex_forest_diagonal, infiniplex_forest_diagonal,
          infiniplex_forest_straight_2, infiniplex_forest_lined_2,
          infiniplex_forest_zigzag_1, uniq_natasha
D:3:      layout_basic, minmay_misc_feat_nine_boxes, amcnicky_mini_pool_small
D:4:      layout_rooms, serial_shops, shop, kennysheep_generic_room_9, uniq_ijyb
D:5:      layout_basic, mainiacjoe_overflow_alcove_1,
          gammafunk_temple_overflow_wave, serial_rivers,
          chequers_serial_rivers_small_a, chequers_serial_rivers_marsh,
          chequers_serial_rivers_small_b, chequers_serial_rivers_micro_a,
          chequers_serial_rivers_small_a, chequers_serial_rivers_small_a,
          nicolae_elevator_lobby_plus
D:6:      layout_loops_ring, kennysheep_ying_yang, kennysheep_mini,
          uniq_prince_ribbit1
D:7:      layout_loops_corners, marbit_many_paths,
          minmay_temple_entry_offerings, uniq_menkaure
D:8:      layout_cave_pools
D:9:      layout_gridville, lemuel_tele_altar, xom_shifter_show,
          lair_entry_dummy, serial_shops, shop, nicolae_take_the_stairs
D:10:     layout_basic, mainiacjoe_overflow_catwalk, trove_entry_hex_spiral,
          enter_bailey_2, chequers_serial_rivers_small_b
D:11:     layout_basic, orc_0_dummy, serial_corexii_hall,
          chequers_hall_statues_wall_a, corexii_hall_statues_l,
          chequers_hall_statues_wall_a, chequers_hall_statues_wall_a
D:12:     layout_irregular_city
D:13:     layout_roguey [special_room_bee], uniq_lodul
D:14:     minmay_cut_squares, layout_cave_pods, david_vaults_1,
          minmay_misc_feat_room, kb_tengu_band
D:15:     gammafunk_enter_depths_forms, layout_small_grid,
          chequers_serial_rivers_small_a
Lair:1:   layout_cave_shapes, guppyfry_lair_drakes
Lair:2:   layout_roguey, grunt_megastairs_1, infiniplex_staircase_pool
Lair:3:   layout_chaotic_city, minmay_shoals_entry_lonely_mermaid,
          spider_nest_entry_funnel_web, gammafunk_ghost_hive
Lair:4:   nzn_winding_woodlands_stair_trap
          [nzn_winding_woodlands_5x15_concentric,
          nzn_winding_woodlands_5x15_river_crossing,
          nzn_winding_woodlands_5x15_zeroes,
          nzn_winding_woodlands_15x15_boxy_spiral,
          nzn_winding_woodlands_5x15_pockets,
          nzn_winding_woodlands_5x15_split_checker,
          nzn_winding_woodlands_5x15_jagged], layout_regular_city
Lair:5:   hellmonk_lair_end_abyssal_woods, layout_regular_city, slime_entry_1,
          disabler_island
Orc:1:    layout_caves, serial_shops, nicolae_shop_just_a_little_nook
Orc:2:    st_orc_open, layout_diamond_mine, gauntlet_entry_generic,
          roderic_batcave, amcnicky_altar_lugonu_corruption
Elf:1:    eino_elf_arrival_the_gate, layout_gridlike, hangedman_elf_represent,
          nicolae_elf_double_double_double_trouble, uniq_nikola, uniq_asterion,
          uniq_frances, uniq_jorgrun

Skill      XL: |  1  2  3  4  5  6  7  8  9 10 11 12 13 14 15 16 |
---------------+-------------------------------------------------+-----
Ranged Weapons | 1 2 3 4 5 6 8 9 11 13 14 15 17 18 | 18.0
Axes           | 4 5 6 8 9 11 13 14 16 17 18 | 18.4
Fighting       | 4 5 6 7 8 9 10 11 12 14 15 | 15.8
Evocations     | 2 4 5 7 8 |  8.9
Armour         | 3 5 7 9 |  9.2
Stealth        | 1 3 5 6 |  6.6
Dodging        | 5 6 8 |  8.3

Action                     |  1- 3 |  4- 6 |  7- 9 | 10-12 | 13-15 | 16-18 || total
---------------------------+-------+-------+-------+-------+-------+-------++-------
  Melee: Hand axe          |    20 |       |       |       |       |       ||    20
         Headbutt          |     1 |     8 |    31 |    57 |    73 |    41 ||   211
         War axe           |     2 |    65 |   143 |   247 |   232 |       ||   689
         Punch             |       |       |       |     5 |     2 |       ||     7
         Morningstar       |       |       |       |     3 |     5 |       ||     8
         Kick              |       |       |       |       |    74 |       ||    74
         Battleaxe         |       |       |       |       |    66 |   166 ||   232
   Fire: Sling             |    63 |    64 |    25 |    26 |       |       ||   178
         Arbalest          |       |       |       |   187 |   352 |   135 ||   674
  Throw: Dart              |       |       |       |    10 |     2 |       ||    12
 Invoke: Berserk           |     1 |     2 |     9 |     6 |     6 |     5 ||    29
         Trog's Hand       |       |       |     4 |    18 |    13 |     9 ||    44
         Brothers in Arms  |       |       |       |       |       |     1 ||     1
  Evoke: Wand              |       |     4 |     5 |     5 |     9 |     4 ||    27
         Tin of tremorston |       |       |       |     1 |     1 |     2 ||     4
         Phantom mirror    |       |       |       |       |       |     1 ||     1
    Use: Scroll            |     2 |     3 |     2 |    22 |     9 |     9 ||    47
         Potion            |       |       |     2 |     1 |     9 |     1 ||    13
   Stab: Distracted        |       |       |       |       |     2 |       ||     2
         Invisible         |       |       |       |       |     2 |       ||     2
         Sleeping          |       |       |       |       |     1 |     2 ||     3
 Armour: Animal skin       |     9 |     5 |       |       |       |       ||    14
         Scale mail        |       |     6 |       |       |       |       ||     6
         Ring mail         |       |    23 |    65 |   164 |   121 |    73 ||   446
         Plate armour      |       |       |       |       |       |    12 ||    12
  Dodge: Dodged            |    24 |    60 |    69 |   192 |   192 |   145 ||   682
  Block: Other             |       |       |    21 |    94 |    64 |    16 ||   195
         Reflection        |       |       |       |     5 |     5 |     4 ||    14

Table legend: (Time is in decaauts)
 A = Elapsed time spent in this place.
 B = Non-inter-level travel time spent in this place.
 C = Inter-level travel time spent in this place.
 D = Time resting spent in this place.
 E = Time spent auto-exploring this place.
 F = Levels seen in this place.
 G = Mean time per level.
                   A        B        C        D        E       F      G
               +--------+--------+--------+--------+--------+-----+--------+
         Total |  34982 |  33607 |   1375 |  13725 |  14855 |  25 | 1399.3 |
       Dungeon |  17217 |  16273 |    944 |   4116 |   9472 |  15 | 1147.8 |
          Lair |   8209 |   7941 |    268 |   2187 |   4436 |   5 | 1641.8 |
  Orcish Mines |   7673 |   7512 |    161 |   6296 |    756 |   2 | 3836.5 |
   Elven Halls |    833 |    833 |      0 |    616 |     53 |   1 |  833.0 |
        Bailey |    525 |    525 |      0 |    194 |    112 |   1 |  525.0 |
      Gauntlet |    524 |    524 |      0 |    314 |     26 |   1 |  524.0 |
               +--------+--------+--------+--------+--------+-----+--------+

Top non-repeatable levels by time:
   Orc:2: 6001 daAuts
  Lair:5: 2929 daAuts
  Lair:4: 2416 daAuts
     D:9: 2002 daAuts
    D:14: 1920 daAuts
   Orc:1: 1672 daAuts
     D:7: 1449 daAuts
  Lair:3: 1317 daAuts
    D:11: 1253 daAuts
    D:13: 1216 daAuts
     D:6: 1186 daAuts
     D:2: 1161 daAuts
     D:1: 1086 daAuts
    D:10: 1048 daAuts
  Lair:2: 1004 daAuts
